Map: Ruins of Seras

Players

Morguhl

  • Race: Zerg Zerg

A.I. 1 (Easy) - Winner!

  • Race: Zerg Zerg

VOD

Have the link to the VOD?

Description

Time

  • Played on: Dec. 17, 2015, 4:46 a.m.
  • Length: 6:19
Show
View Real Time Build Order
Export as new Build Order

Morguhl Zerg 

Build Orders:  

Get SALT Encoding   

  12  0:07  Drone  
  12  0:08  Drone  
  14  0:18  Overlord  
  14  1:47  Drone x3  
Show
View Real Time Build Order
Export as new Build Order

A.I. 1 (Easy) Zerg - Winner!

Build Orders: Pool First 

Get SALT Encoding   

  12  0:01  Drone  
  13  0:12  Overlord  
  13  0:17  Drone  
  14  0:31  Drone  
  14  0:35  Drone  
  16  0:44  Spawning Pool  
  16  0:46  Drone  
  16  0:49  Extractor  
  15  0:52  Drone  
  16  1:00  Overlord  
  16  1:31  Zergling x2  
  16  1:32  Queen  
  19  1:34  Roach Warren  
  19  1:36  Extractor  
  19  1:37  Zergling x2  
  19  1:38  Drone  
  19  1:42  Drone  
  20  1:53  Zergling x2  
  21  2:03  Zergling x2  
  22  2:14  Zergling x2  
  23  2:25  Zergling x2  
  24  2:35  Overlord  
  24  2:38  Zergling x2  
  24  2:39  Drone  
  26  2:44  Zergling x2  
  26  2:47  Drone  
  28  2:58  Drone  
  29  3:09  Drone  
  30  3:13  Drone, Overlord  
  30  3:17  Drone  
  32  5:26  Drone, Roach, Overlord  
  35  5:30  Drone  
  36  5:41  Hatchery, Drone  
  36  5:45  Roach  
  36  5:46  Drone  
Tags
 
Matchup
ZvZ
Opening
Pool First
Race
Zerg
Add a new tag
Caveats
  • Supply blocks, unpowered buildings, or Contaminate may cause inaccurate times.
  • Supply counts are checked every 10 seconds.